 Dungeon Crawl Stone Soup version 0.25-a0-435-g4b9beb1024 (webtiles) character file.

Game seed: 7683313709635723520, levelgen mode: deterministic

433 tilp the Conjurer (level 7, -1/36 HPs)
             Began as a Tengu Air Elementalist on Jan 28, 2020.
             Slain by Edmund
             ... wielding a +6 flail of protection
              (10 damage)
             ... on level 4 of the Dungeon.
             The game lasted 00:07:51 (3332 turns).

tilp the Conjurer (Tengu Air Elementalist)          Turns: 3332, Time: 00:07:52

Health: -1/36      AC:  2    Str:  8    XL:     7   Next: 0%
Magic:  8/14       EV: 13    Int: 17    God:
Gold:   188        SH:  0    Dex: 15    Spells: 4/14 levels left

rFire    + . .     SeeInvis .   a - +0 short sword (venom)
rCold    + . .     Gourm    .   (no shield)
rNeg     . . .     Faith    .   e - +0 robe
rPois    .         Spirit   .   (helmet restricted)
rElec    .         Reflect  .   n - scarf {rC+ rF+}
rCorr    .         Harm     .   (no gloves)
MR       .....                  (boots unavailable)
Stlth    ++........             (no amulet)
HPRegen  0.12/turn              (no ring)
MPRegen  0.14/turn              (no ring)

@: no status effects
A: beak, talons 3, able to fly
a: Fly


You were on level 4 of the Dungeon.
You were not hungry.

You visited 1 branch of the dungeon, and saw 4 of its levels.

You collected 188 gold pieces.

Inventory:

Hand Weapons
 a - a +0 short sword of venom (weapon)
 b - a +0 hunting sling
Missiles
 h - 94 stones (quivered)
 u - 5 boomerangs
Armour
 e - a +0 robe (worn)
 n - a scarf of resistance (worn)
 v - a +0 buckler
Jewellery
 t - an uncursed amulet of the gourmand {unknown}
Scrolls
 i - a scroll of amnesia {unknown}
 j - a scroll of enchant armour {unknown}
 k - a scroll of fog {unknown}
 o - 2 scrolls of remove curse
 p - 3 scrolls of magic mapping
 q - a scroll of teleportation {unknown}
 w - a scroll of identify {unknown}
Potions
 d - a potion of curing {unknown}
 g - a potion of flight {unknown}
 l - 2 potions of cancellation {unknown}
 m - 3 potions of might {unknown}
 r - a potion of brilliance {unknown}
 s - a potion of mutation {unknown}
Comestibles
 c - 6 rations


   Skills:
 - Level 2.1 Dodging
 - Level 2.0 Stealth
 + Level 0.4 Shields
 - Level 4.0 Spellcasting
 - Level 6.0 Conjurations
 - Level 6.0 Air Magic


You had 4 spell levels left.
You knew the following spells:

 Your Spells              Type           Power        Failure   Level  Hunger
a - Shock                 Conj/Air       ###.         1%          1    None
b - Swiftness             Chrm/Air       ##......     7%          2    ##.....
c - Static Discharge      Conj/Air       ###.....     4%          3    ###....
d - Airstrike             Air            ###.......   13%         4    ####...

Your spell library contained the following spells:

 Spells                   Type           Power        Failure   Level  Hunger
 Lightning Bolt           Conj/Air       ###.......   36%         5    ######.


Dungeon Overview and Level Annotations

Branches:
Dungeon (4/15)
 Temple: D:4-7

Altars:
Makhleb
Okawaru
Xom

Annotations:
D:4 Edmund


Innate Abilities, Weirdness & Mutations

You have a beak for a mouth.
You have claws for feet.
You can fly continuously.


Message History

Confirm with . or Enter, or press ? or * to list all spells.
Aiming: Shock (safe; 1% risk of failure)
Press: ? - help, Shift-Dir - straight line The zap hits Edmund but does no damage.
Edmund is almost dead.
The zap hits Edmund but does no damage.
Edmund is almost dead.
Edmund hits you with a +6 flail of protection!
* * * LOW HITPOINT WARNING * * *
Casting: Shock (safe; 1% risk of failure)
Confirm with . or Enter, or press ? or * to list all spells.
Aiming: Shock (safe; 1% risk of failure)
Press: ? - help, Shift-Dir - straight line The zap hits Edmund but does no damage.
Edmund is almost dead.
The zap hits Edmund.
Edmund is almost dead.
Edmund looks more healthy.
Edmund hits you with a +6 flail of protection!
You die...

####
#.####..##
.........#
.......@.#
........@#
.!.......#
.........#
........<#
.........#
#...##..##
#... #..#
.. ...


You could see Edmund.

Vanquished Creatures
  Grinder (D:3)
  7 gnolls (D:2)
  6 adders
  An ooze (D:1)
  5 worms
  6 dart slugs
  2 leopard geckos (D:2)
  6 orcs (D:3)
  2 giant cockroaches
  7 goblins
  7 hobgoblins
  2 jackals (D:1)
  2 quokkas (D:2)
  A ball python (D:1)
  4 bats
  8 frilled lizards
  8 kobolds
  23 rats
98 creatures vanquished.

Notes
Turn   | Place    | Note
-------+----------+-------------------------------------------
     0 | D:1      | tilp the Tengu Air Elementalist began the quest for the
                  | Orb.
     0 | D:1      | Reached XP level 1. HP: 10/10 MP: 4/4
    92 | D:1      | Reached XP level 2. HP: 15/15 MP: 3/6
    96 | D:1      | Learned a level 2 spell: Swiftness
   444 | D:1      | Reached XP level 3. HP: 19/19 MP: 5/7
   449 | D:1      | Learned a level 3 spell: Static Discharge
  1271 | D:2      | Reached XP level 4. HP: 24/24 MP: 8/8
  1306 | D:2      | Found a burning altar of Makhleb.
  1312 | D:2      | Found a shimmering altar of Xom.
  1567 | D:2      | Reached skill level 5 in Conjurations
  1567 | D:2      | Reached skill level 5 in Air Magic
  1595 | D:2      | Gained mutation: You can fly continuously. [Tengu growth]
  1595 | D:2      | Reached XP level 5. HP: 17/28 MP: 0/9
  1772 | D:2      | HP: 1/28 [gnoll (8)]
  2463 | D:3      | Reached XP level 6. HP: 32/32 MP: 7/10
  2560 | D:3      | Found an iron altar of Okawaru.
  2636 | D:3      | Noticed Grinder
  2646 | D:3      | Killed Grinder
  2808 | D:3      | Reached XP level 7. HP: 36/36 MP: 9/14
  2819 | D:3      | Learned a level 4 spell: Airstrike
  3320 | D:4      | Noticed Edmund
  3332 | D:4      | Slain by Edmund

Levels and vault maps discovered:
D:1:      erik_arrival_orb_chamber, layout_basic, st_stairs_10,
          minmay_tromino_i4
D:2:      layout_basic, chequers_temple_overflow_statue_of_worship,
          first_ration, minmay_box_of_dots
D:3:      layout_basic, overflow_temple_1_default, uniq_grinder
D:4:      minmay_chambers_of_threes, layout_gridville, uniq_edmund

Skill      XL: |  1  2  3  4  5  6 |
---------------+-------------------+-----
Conjurations   | 2 3 4 5 6 |  6.0
Air Magic      | 5 6 |  6.0
Spellcasting   | 4 |  4.0
Dodging        | |  2.1
Stealth        | |  2.0
Shields        | |  0.4

Action                   |  1- 3 |  4- 6 |  7- 9 || total
-------------------------+-------+-------+-------++-------
Melee: Short sword       |    16 |    62 |     1 ||    79
       Kick              |     2 |    10 |     1 ||    13
       Peck              |     1 |     6 |     1 ||     8
 Cast: Shock             |    65 |    79 |     8 ||   152
  Use: Scroll            |       |     3 |       ||     3
       Potion            |       |     1 |       ||     1
 Stab: Sleeping          |     1 |     2 |     1 ||     4
  Eat: Chunk             |     2 |     6 |     2 ||    10
Armor: Robe              |     5 |    13 |       ||    18
Dodge: Dodged            |    24 |    53 |     3 ||    80

Table legend:
 A = Non-vault XP
 B = Vault XP
 C = Vault XP percentage of total XP
 D = Non-vault monster count
 E = Vault monster count
 F = Vault count percentage of total count
                 A         B        C        D         E       F
            +---------+---------+-------+---------+---------+-------
      Total |     315 |     304 |  49.1 |      78 |      20 |  20.4
            +---------+---------+-------+---------+---------+-------
        D:1 |      35 |      23 |  39.7 |      18 |      17 |  48.6
        D:2 |     198 |      14 |   6.6 |      35 |       2 |   5.4
        D:3 |      82 |     267 |  76.5 |      25 |       1 |   3.8
            +---------+---------+-------+---------+---------+-------
